 Dungeon Crawl Stone Soup version 0.29.1-15-g9cfb28693d (webtiles) character file.

Game seed: 16759212670239888088

1850 dobroeutro the Basher (level 9, 0/51 HPs)
             Began as a Gargoyle Fighter on Apr 22, 2023.
             Was a Follower of Okawaru.
             Slain by a wyvern (9 damage)
             ... on level 6 of the Dungeon.
             The game lasted 00:14:18 (7475 turns).

dobroeutro the Basher (Gargoyle Fighter)            Turns: 7475, Time: 00:14:19

Health: 0/51       AC: 18    Str: 21 (22) XL:     9   Next: 12%
Magic:  0/9        EV:  9    Int:  7 (9)  God:    Okawaru [*.....]
Gold:   267        SH:  4    Dex:  8 (11) Spells: 8/8 levels left

rFire   + . .      SeeInvis .   a - +0 flail (vorpal)
rCold   + . .      Faith    .   c - +0 buckler
rNeg    + . .      Spirit   +   b - +0 scale mail
rPois   ∞          Reflect  .   n - +0 helmet
rElec   +          Harm     .   F - +0 cloak
rCorr   +          Rampage  .   (no gloves)
Will    .....                   p - +2 pair of boots
Stlth   ..........              o - amulet of guardian spirit
HPRegen 0.17/turn               f - ring of Iceass {rC+ rCorr}
MPRegen 0.11/turn               e - ring of protection from fire

@: brilliant, on berserk cooldown, slowed, very slow
A: sickness immunity, AC +6, negative energy resistance 1, electricity
resistance, torment resistance 1, petrification resistance
a: Renounce Religion, Heroism


You were on level 6 of the Dungeon.
You worshipped Okawaru.
Okawaru was aware of your devotion.
You visited 2 branches of the dungeon, and saw 7 of its levels.

You collected 267 gold pieces.

Inventory:

Hand Weapons
 a - a +0 vorpal flail (weapon)
Armour
 b - a +0 scale mail (worn)
 c - a +0 buckler (worn)
 n - a +0 helmet (worn)
 p - a +2 pair of boots (worn)
 F - a +0 cloak (worn)
Jewellery
 e - a ring of protection from fire (right hand)
 f - the ring of Iceass (left hand) {rC+ rCorr}
   (You acquired it on level 2 of the Dungeon)

   [ring of protection from cold]

   rC:        It protects you from cold.
   rCorr:     It protects you from acid and corrosion.
 j - an amulet of regeneration
 o - an amulet of guardian spirit (around neck)
 y - a ring of flight
 E - a ring of resist corrosion
Wands
 x - a wand of roots (4)
 A - a wand of light (11)
Scrolls
 g - 3 scrolls of identify
 k - 3 scrolls of brand weapon
 w - a scroll of teleportation
 D - a scroll of amnesia
Potions
 h - 2 potions of brilliance
 l - a potion of berserk rage
 q - a potion of flight {unknown}
 r - a potion of invisibility {unknown}
 t - 2 potions of curing
 v - a potion of magic {unknown}
 z - 2 potions of cancellation {unknown}
 B - 2 potions of mutation {unknown}


   Skills:
 - Level 3.2 Fighting
 + Level 11.7 Maces & Flails
 - Level 3.2 Armour
 - Level 3.2 Shields


You had 8 spell levels left.
You didn't know any spells.
Your spell library contained the following spells:

 Spells                   Type           Power      Damage    Failure   Level
 Scorch                   Fire           0%         2d5       94%         2
 Wereblood                Tmut           0%         N/A       94%         2
 Flame Wave               Conj/Fire      0%         2d4       100%        4
 Sublimation of Blood     Necr           Unusable   N/A       N/A         2
 Summon Cactus Giant      Summ           Unusable   N/A       N/A         6
 Summon Hydra             Summ           Unusable   N/A       N/A         7

Dungeon Overview and Level Annotations

Branches:
Dungeon (6/15)             Temple (1/1) D:4

Altars:
Ashenzari
Cheibriados
Elyvilon
Gozag
Kikubaaqudgha
Makhleb
Okawaru
Trog
Wu Jian
Xom
Yredelemnul
Zin

Annotations:
D:1 1 transporter
D:5 1 runed translucent door, Crazy Yiuf


Innate Abilities, Weirdness & Mutations

You are immune to sickness and miasma.
Your stone body is resilient. (AC +6)
You are immune to poison.
You resist negative energy. (rN+)
You are resistant to electric shocks. (rElec)
You are resistant to unholy torment.
You are immune to petrification.


Message History

It was a potion of curing.
You feel better. The wyvern misses you. The quokka closely misses you.
You block the wyvern's attack. The quokka barely misses you.
You barely miss the wyvern.
The wyvern is heavily wounded.
You feel a little less mighty now. The wyvern bites you!
* * * LOW HITPOINT WARNING * * *
The wyvern bites you.
* * * LOW HITPOINT WARNING * * *
You block the quokka's attack.
You hit the orc.
The orc is almost dead.
The wyvern bites you but does no damage.
The quokka bites you but does no damage.
The wyvern bites you but does no damage.
The orc hits you but does no damage.
The quokka bites you but does no damage.
You hit the orc.
You kill the orc!
Okawaru accepts your kill. You block the wyvern's attack.
The quokka barely misses you. The wyvern completely misses you.
You block the quokka's attack. The wyvern closely misses you.
The quokka bites you but does no damage.
Things that are here:
a +0 dagger; an orc corpse The wyvern bites you.
* * * LOW HITPOINT WARNING * * *
The quokka closely misses you.
The wyvern hisses menacingly.
The wyvern barely misses you. The wyvern bites you.
* * * LOW HITPOINT WARNING * * *
The wyvern closely misses you.
It was a potion of degeneration.
There was something very wrong with that liquid.
You feel weakened.
You feel dopey.
You feel clumsy. The wyvern barely misses you. The wyvern bites you!
You die...

.......#.........).$.#
##....#...##.....)..#
#..#.##...##...o.###
.{..
#.$...........#o##
o.##
##...#........#.## ..
# ####....r...# ....
#.....)o## ....
##...r### ..#.
##.rol@# .O##
####...### #......#
#.....## #...### #####


You could see a wyvern, an orc and 2 quokkas.

Vanquished Creatures
  Pikel (D:4)
  Menkaure (D:4)
  The ghost of windycow the Cudgeller, an amateur GrGl (D:3)
  An ice beast (D:6)
  A black bear (D:6)
  A lemure (D:4)
  A phantom (D:5)
  A necrophage (D:4)
  3 scorpions
  A hound (D:5)
  2 orc priests
  5 jellies
  Jessica (D:2)
  Terence (D:2)
  An iguana (D:5)
  4 orc wizards
  Robin (D:2)
  9 gnolls
  5 adders
  An ufetubus (D:4)
  2 worms
  A dart slug (D:3)
  16 orcs
  5 ball pythons
  12 bats
  9 endoplasms
  7 giant cockroaches
  15 goblins
  8 hobgoblins
  3 jackals (D:1)
  3 quokkas
  A frilled lizard (D:1)
  5 kobolds
  5 rats
134 creatures vanquished.

Notes
Turn   | Place    | Note
-------+----------+-------------------------------------------
     0 | D:1      | dobroeutro the Gargoyle Fighter began the quest for the
                  | Orb.
     0 | D:1      | Reached XP level 1. HP: 14/14 MP: 1/1
     7 | D:1      | Found a faded altar of an unknown god.
   215 | D:1      | Reached XP level 2. HP: 9/19 MP: 2/2
   548 | D:1      | Reached skill level 3 in Maces & Flails
  1023 | D:1      | Reached XP level 3. HP: 23/23 MP: 3/3
  1645 | D:2      | Noticed Jessica
  1660 | D:2      | Killed Jessica
  1661 | D:2      | Reached skill level 4 in Maces & Flails
  1661 | D:2      | Reached XP level 4. HP: 13/28 MP: 4/4
  1988 | D:2      | Noticed Robin
  2011 | D:2      | Identified a scroll of acquirement
  2011 | D:2      | Acquired the ring of Iceass {rC+ rCorr}
  2061 | D:2      | Killed Robin
  2065 | D:2      | Reached skill level 5 in Maces & Flails
  2075 | D:2      | Reached XP level 5. HP: 22/32 MP: 5/5
  2543 | D:2      | Noticed Terence
  2549 | D:2      | Killed Terence
  3473 | D:3      | Reached skill level 6 in Maces & Flails
  3473 | D:3      | Reached XP level 6. HP: 17/37 MP: 2/6
  3908 | D:3      | Found a runed translucent door.
  3910 | D:3      | Noticed windycow's ghost (amateur GrGl)
  3957 | D:3      | Killed windycow's ghost
  4185 | D:4      | Reached skill level 7 in Maces & Flails
  4382 | D:4      | Reached XP level 7. HP: 40/41 MP: 5/7
  4772 | D:4      | Noticed Menkaure
  4777 | D:4      | Killed Menkaure
  4778 | D:4      | Reached skill level 8 in Maces & Flails
  4997 | D:4      | Noticed Pikel
  5039 | D:4      | Killed Pikel
  5040 | D:4      | Reached skill level 9 in Maces & Flails
  5040 | D:4      | Reached XP level 8. HP: 17/46 MP: 1/8
  5274 | D:4      | Found a staircase to the Ecumenical Temple.
  5282 | Temple   | Entered the Ecumenical Temple
  5288 | Temple   | Became a worshipper of Warmaster Okawaru
  5315 | D:4      | Reached skill level 10 in Maces & Flails
  5975 | D:5      | Entered Level 5 of the Dungeon
  6534 | D:5      | Reached skill level 11 in Maces & Flails
  7198 | D:5      | Found a runed translucent door.
  7313 | D:5      | Noticed Crazy Yiuf
  7366 | D:6      | Found a shimmering altar of Xom.
  7367 | D:6      | Found a shimmering altar of Xom.
  7367 | D:6      | Found a shimmering altar of Xom.
  7367 | D:6      | Found a shimmering altar of Xom.
  7367 | D:6      | Found a shimmering altar of Xom.
  7368 | D:6      | Found a shimmering altar of Xom.
  7399 | D:6      | Reached XP level 9. HP: 51/51 MP: 9/9
  7409 | D:6      | Reached * piety under Okawaru
  7475 | D:6      | Slain by a wyvern

Illustrated notes

Levels and vault maps discovered:
D:1:      spicycebolla_arrival_risky_transporter, layout_loops_corners,
          hellmonk_ecumenical_altar_leap_of_faith
D:2:      layout_basic, minmay_crystal_water, minmay_small_reverse_x,
          uniq_robin, uniq_terence, uniq_jessica
D:3:      layout_loops_corners, ebering_ghost_reflecting_pool,
          corexii_hall_statues_u
D:4:      layout_layer_cave, temple_statues, kennysheep_another_room,
          kennysheep_boxes, uniq_menkaure, uniq_pikel
D:5:      layout_cave_pods, uniq_crazy_yiuf_cottage
D:6:      layout_cave_pools, xom_redecorated, nicolae_qazlal_eye_of_the_storm,
          mainiacjoe_overflow_alcove_4, portal_sewer_entry_f,
          minmay_misc_feat_iff
Temple:   hellmonk_temple_two_chambers

Skill      XL: |  1  2  3  4  5  6  7  8 |
---------------+-------------------------+-----
Maces & Flails | 3 4 5 6 7 9 11 | 11.7
Fighting       | |  3.2
Armour         | |  3.2
Shields        | |  3.2

Action                   |  1- 3 |  4- 6 |  7- 9 || total
-------------------------+-------+-------+-------++-------
Melee: Flail             |   136 |   214 |   216 ||   566
  Use: Potion            |     1 |     1 |     8 ||    10
       Scroll            |       |     9 |     3 ||    12
Armor: Scale mail        |   105 |    82 |   104 ||   291
Dodge: Dodged            |    63 |    74 |    76 ||   213
Block: Buckler           |    35 |    40 |    41 ||   116
